 Seeded DCSS version 0.30-a0-377-g5cb311bc9f (webtiles) character file.

Game seed: 12959359503278850223 (custom seed)

434 retardedninja the Trooper (level 7, 0/46 (61) HPs)
             Began as a Hill Orc Fighter on Nov 30, 2022.
             Slain by Duvessa
             ... wielding a +0 short sword of draining
              (14 damage)
             ... on level 4 of the Dungeon.
             The game lasted 00:03:21 (3224 turns).

retardedninja the Trooper (Hill Orc Fighter)        Turns: 3224, Time: 00:03:21

HP:   0/46 (61)     AC: 12    Str: 21    XL:     7   Next: 0%
MP:   7/7           EV:  6    Int:  8    God:
Gold: 139           SH:  5    Dex: 10    Spells: 6/6 levels left

rFire   . . .      SeeInvis .    a - +0 war axe
rCold   . . .      Faith    .    c - +0 buckler
rNeg    . . .      Spirit   .    h - +0 plate armour
rPois   .          Reflect  .    (no helmet)
rElec   .          Harm     .    (no cloak)
rCorr   .          Rampage  .    (no gloves)
Will    .....                    (no boots)
Stlth   ..........               (no amulet)
HPRegen 0.27/turn                (no ring)
MPRegen 0.10/turn                (no ring)

@: heavily drained
A: no striking features
a: no special abilities


You were on level 4 of the Dungeon.
You visited 1 branch of the dungeon, and saw 4 of its levels.

You collected 139 gold pieces.

Inventory:

Hand Weapons
 a - a +0 war axe (weapon)
Armour
 c - a +0 buckler (worn)
 h - a +0 plate armour (worn)
Jewellery
 r - the Hermit's Pendant {Faith Invo=14 Evo=0 MP+5}
   (You found it on level 3 of the Dungeon)

   [amulet of faith]

   It sets your invocations skill to 14 and your evocations skill to 0.
   It allows you to gain divine favour quickly.
   MP:        It affects your magic capacity (+5).
Wands
 j - a wand of flame (8)
Scrolls
 b - 2 scrolls of blinking {unknown}
 d - a scroll of amnesia {unknown}
 e - a scroll of identify {unknown}
 g - a scroll of immolation {unknown}
 i - a scroll of butterflies {unknown}
 l - 2 scrolls of noise {unknown}
 p - a scroll of enchant weapon {unknown}
Potions
 f - a potion of curing {unknown}
 k - 2 potions of mutation {unknown}
 m - a potion of heal wounds {unknown}
 n - 2 potions of brilliance {unknown}
 o - a potion of haste {unknown}
 q - a potion of lignification {unknown}


   Skills:
 + Level 5.5 Fighting
 + Level 5.3 Axes
 + Level 5.0 Armour
 + Level 5.0 Shields


You had 6 spell levels left.
You didn't know any spells.
Your spell library contained the following spells:

 Spells                   Type           Power      Damage    Failure   Level
 Apportation              Tloc           0%         N/A       100%        1
 Kiss of Death            Conj/Necr      0%         2d5       100%        1
 Necrotise                Necr           0%         1d4       100%        1
 Summon Small Mammal      Summ           0%         N/A       100%        1
 Confusing Touch          Hex            0%         N/A       100%        3
 Dispel Undead            Necr           0%         3d6       100%        4
 Borgnjor's Revivificati  Necr           0%         N/A       100%        8
 Necromutation            Tmut/Necr      0%         N/A       100%        8
 Death's Door             Necr           0%         N/A       100%        9


Dungeon Overview and Level Annotations

Branches:
Dungeon (4/15)
 Temple: D:4-7

Altars:
Trog
The Shining One

Shops:
D:3 **:=

Annotations:
D:4 Duvessa


Message History

Duvessa barely misses you.
Unknown command.
Found a stone staircase leading up.
You block Duvessa's attack.
Unknown command.
Duvessa attacks as you move away!
Duvessa hits you with a +0 short sword of draining.
You feel drained. Dowan hits you with a +0 dagger.
Duvessa hits you with a +0 short sword of draining.
You feel drained.
Unknown command.
You miss Dowan.
Dowan is severely wounded.
You hit Duvessa. Duvessa hits you but does no damage.
You feel drained. Dowan hits you with a +0 dagger. Duvessa barely misses you.
You closely miss Dowan.
Dowan is severely wounded.
You hit Duvessa. You block Duvessa's attack. Dowan hits you with a +0 dagger.
Duvessa hits you but does no damage.
You feel drained.
Unknown command.
You slash Dowan!
You kill Dowan!
Duvessa weeps, and shakes her weapon.
Duvessa goes berserk!
You hit Duvessa.
Duvessa hits you with a +0 short sword of draining!
You feel drained. You block Duvessa's attack.
Your Armour skill increases to level 5!
Your Shields skill increases to level 5!
You have reached level 7!
Things that are here:
a +0 dagger; a +0 robe; the elf corpse of Dowan Unknown command.
You slash Duvessa!
Duvessa is severely wounded.
Duvessa hits you with a +0 short sword of draining.
You feel drained. You block Duvessa's attack.
Unknown command.
You hit Duvessa.
Duvessa is almost dead.
Duvessa hits you with a +0 short sword of draining!
You die...

#### #..# #.......
#...##..# #.......
.#....#..## #.......
..........### #.......
#.......#...## #.......
........##...## #.......
##.......###..###......#
##.....e.####...##...###
#......@[.# ##...#..##
#.........# ##...###
#..........# ###...##
...........# ##...###
........:...# ##....#
...<##......# ##....
...# ##.....# ##..# ...
#...... ##..# ##..##


You could see Duvessa (berserk, fast).

Vanquished Creatures
  An ogre (D:4)
  A scorpion (D:4)
  Dowan (D:4)
  A hound (D:3)
  Jessica (D:2)
  Natasha (twice) (D:2)
  4 adders
  An ufetubus (D:4)
  2 worms (D:2)
  A dart slug (D:2)
  6 orcs (D:3)
  4 endoplasms
  7 giant cockroaches
  6 goblins
  9 hobgoblins
  3 jackals (D:1)
  3 quokkas
  4 ball pythons
  7 bats
  4 frilled lizards
  3 kobolds
  7 rats
78 creatures vanquished.

Notes
Turn   | Place    | Note
-------+----------+-------------------------------------------
     0 | D:1      | retardedninja the Hill Orc Fighter began the quest for the
                  | Orb.
     0 | D:1      | Reached XP level 1. HP: 19/19 MP: 1/1
   205 | D:1      | Reached XP level 2. HP: 27/27 MP: 2/2
   237 | D:1      | Found a faded altar of an unknown god.
   536 | D:1      | Reached XP level 3. HP: 33/33 MP: 3/3
  1046 | D:2      | Noticed Jessica
  1050 | D:2      | Killed Jessica
  1051 | D:2      | Reached XP level 4. HP: 30/41 MP: 4/4
  1410 | D:2      | Noticed Natasha
  1419 | D:2      | Killed Natasha
  1420 | D:2      | Reached XP level 5. HP: 24/47 MP: 5/5
  1609 | D:2      | Noticed Natasha
  1613 | D:2      | Killed Natasha
  1733 | D:2      | Found a bloodstained altar of Trog.
  2015 | D:3      | Found Xaecw's Book Shoppe.
  2033 | D:3      | Found Kiddazag's Jewellery Boutique.
  2068 | D:3      | Found Moramea's Assorted Antiques.
  2292 | D:3      | Found Sujaxt's General Store.
  2381 | D:3      | Found a faded altar of an unknown god.
  2381 | D:3      | Found the Hermit's Pendant {Faith Invo=14 Evo=0 MP+5}
  2395 | D:3      | Reached skill level 5 in Fighting
  2395 | D:3      | Reached XP level 6. HP: 41/56 MP: 6/6
  2786 | D:4      | Reached skill level 5 in Axes
  3005 | D:4      | Found a glowing golden altar of the Shining One.
  3007 | D:4      | Noticed an angel
  3207 | D:4      | Noticed Duvessa
  3207 | D:4      | Noticed Dowan
  3221 | D:4      | Killed Dowan
  3222 | D:4      | Reached skill level 5 in Armour
  3222 | D:4      | Reached skill level 5 in Shields
  3222 | D:4      | Reached XP level 7. HP: 21/47 MP: 7/7
  3224 | D:4      | Slain by Duvessa

Illustrated notes

Levels and vault maps discovered:
D:1:      elethiomel_arrival_maze, layout_basic,
          chequers_ecumenical_altar_simple_redux, minivault_14, minivault_26,
          minmay_close_crescents
D:2:      layout_loops_ring, basic_altar, uniq_natasha, uniq_jessica
D:3:      layout_loops_ring, serial_shops, shop, shop, nicolae_shop_trees,
          nicolae_shop_crystal, hellmonk_guarded_unrand_hermit
D:4:      layout_cave_pods, grunt_temple_overflow_holy_war,
          minmay_temple_entry_tees, grunt_ministairs_15, uniq_duvessa

Skill      XL: |  1  2  3  4  5  6 |
---------------+-------------------+-----
Axes           | 3 4 5 |  5.3
Fighting       | 4 5 |  5.5
Armour         | 4 5 |  5.0
Shields        | 4 5 |  5.0

Action                   |  1- 3 |  4- 6 |  7- 9 || total
-------------------------+-------+-------+-------++-------
Melee: War axe           |    89 |   131 |     2 ||   222
  Use: Potion            |       |     1 |       ||     1
Armor: Scale mail        |    42 |       |       ||    42
       Plate armour      |    17 |   103 |       ||   120
Dodge: Dodged            |    34 |    44 |       ||    78
Block: Buckler           |    22 |    29 |     1 ||    52

Table legend: (Time is in decaauts)
 A = Elapsed time spent in this place.
 B = Non-inter-level travel time spent in this place.
 C = Inter-level travel time spent in this place.
 D = Time resting spent in this place.
 E = Time spent auto-exploring this place.
 F = Levels seen in this place.
 G = Mean time per level.
                   A        B        C        D        E       F      G
               +--------+--------+--------+--------+--------+-----+--------+
         Total |   3304 |   3271 |     33 |    406 |   2320 |   4 |  826.0 |
       Dungeon |   3304 |   3271 |     33 |    406 |   2320 |   4 |  826.0 |
               +--------+--------+--------+--------+--------+-----+--------+

Top non-repeatable levels by time:
     D:2: 1059 daAuts
     D:3: 894 daAuts
     D:1: 891 daAuts
     D:4: 458 daAuts
